 Dungeon Crawl Stone Soup version 0.30-a0-652-gcc886f7154 (webtiles) character file.

Game seed: 1945476477971638019

78 Newt the Shooter (level 4, -5/29 HPs)
             Began as a Kobold Hunter on Jan 17, 2023.
             Was an Initiate of Yredelemnul.
             Killed by divine providence
             ... invoked by an orc priest
              (17 damage)
             ... on level 3 of the Dungeon.
             The game lasted 00:01:42 (2255 turns).

Newt the Shooter (Kobold Hunter)                    Turns: 2255, Time: 00:01:43

Health: -5/29      AC:  8    Str:  8    XL:     4   Next: 61%
Magic:  4/4        EV: 14    Int: 10    God:    Yredelemnul [......]
Gold:   114        SH:  0    Dex: 20    Spells: 3/3 levels left

rFire   . . .      SeeInvis .    d - +3 whip
rCold   . . .      Faith    .    (no shield)
rNeg    . . .      Spirit   .    c - +1 leather armour
rPois   .          Reflect  .    (no helmet)
rElec   .          Harm     .    (no cloak)
rCorr   .          Rampage  .    (no gloves)
Will    .....                    (no boots)
Stlth   +++                      (no amulet)
HPRegen 0.24/turn                j - +4 ring of protection
MPRegen 0.09/turn                (no ring)

@: no status effects
A: small, no large weapons, nightstalker 3
a: Renounce Religion, Recall Undead Harvest


You were on level 3 of the Dungeon.
You worshipped Yredelemnul.
Yredelemnul was noncommittal.
You visited 1 branch of the dungeon, and saw 3 of its levels.

You collected 114 gold pieces.

Inventory:

Hand Weapons
 a - a +0 shortbow
 d - a +3 whip (weapon)
Armour
 c - a +1 leather armour (worn)
Jewellery
 j - a +4 ring of protection (left hand)
Scrolls
 b - a scroll of immolation
Potions
 e - a potion of might
 f - a potion of attraction {unknown}
 g - a potion of haste {unknown}
 h - a potion of degeneration {unknown}
 i - a potion of brilliance {unknown}
 k - a potion of mutation {unknown}


   Skills:
 - Level 4.0 Fighting
 + Level 1.3 Maces & Flails
 - Level 5.3 Ranged Weapons
 - Level 2.4 Dodging
 - Level 3.0 Stealth


You had 3 spell levels left.
You didn't know any spells.
Your spell library contained the following spells:

 Spells                   Type           Power      Damage    Failure   Level
 Ensorcelled Hibernation  Hex/Ice        0%         N/A       63%         2
 Passwall                 Tmut/Erth      0%         N/A       63%         2
 Sublimation of Blood     Necr           0%         N/A       63%         2
 Wereblood                Tmut           0%         N/A       63%         2
 Swiftness                Air            0%         N/A       86%         3
 Summon Hydra             Summ           0%         N/A       100%        7


Dungeon Overview and Level Annotations

Branches:
Dungeon (3/15)

Altars:
Yredelemnul


Innate Abilities, Weirdness & Mutations

You are small and have problems with some larger weapons.
You are completely attuned to the shadows.


Message History

You kill the orc!
The dead are walking!
Your bat zombie closely misses the orc priest.
Your bat zombie hits the orc priest.
The orc priest hits your bat zombie with a +2 dagger of pain.
The orc misses your bat zombie.
Your bat zombie hits the orc priest.
You swap places.
Your bat zombie closely misses the orc priest.
An adder comes into view.
The orc priest mumbles some strange prayers to Beogh against you.
Beogh smites you! The orc hits you with a +0 short sword.
Your bat zombie barely misses the orc priest.
You are too injured to fight recklessly!
You are too injured to fight recklessly!
You are too injured to fight recklessly!
You are too injured to fight recklessly!
You are too injured to fight recklessly!
You are too injured to fight recklessly!
You are too injured to fight recklessly!
You are too injured to fight recklessly!
You are too injured to fight recklessly!
You are too injured to fight recklessly!
You are too injured to fight recklessly!
You are too injured to fight recklessly!
You are too injured to fight recklessly!
You are too injured to fight recklessly!
You are too injured to fight recklessly!
You are too injured to fight recklessly!
You are too injured to fight recklessly!
Unknown command.
You hit the orc priest.
The orc priest is moderately wounded.
Your bat zombie closely misses the orc priest.
Your bat zombie barely misses the orc priest.
Your orc zombie barely misses the orc.
The orc priest mumbles some strange prayers to Beogh against you.
Beogh smites you!
Ouch! That really hurt!
You die...
Your body rises from the dead as a mindless zombie.

#.### #...#
#.#.# #...#
#..##..
#..##.#
#..##.#
#.Z##.#####
#.....@oo.#
######ZoZ..
##..S. .###
.#


You could see an orc priest (ally target), an adder, 2 orcs, a friendly bat
zombie and 2 friendly orc zombies.

Vanquished Creatures
  An adder (D:2)
  2 worms (D:2)
  A dart slug (D:2)
  2 orcs (D:3)
  6 bats
  4 endoplasms
  A giant cockroach (D:3)
  3 hobgoblins
  8 jackals (D:1)
  3 quokkas (D:1)
  2 ball pythons (D:1)
  6 goblins
  3 kobolds
  7 rats
49 creatures vanquished.

Vanquished Creatures (collateral kills)
  A giant cockroach (D:2)
  A kobold (D:2)
  A ball python (D:3)
  A rat (D:2)
4 creatures vanquished.

Vanquished Creatures (others)
  A bat zombie (D:2)
  An endoplasm zombie (D:2)
  A rat zombie (D:2)
3 creatures vanquished.

Grand Total: 56 creatures vanquished

Notes
Turn   | Place    | Note
-------+----------+-------------------------------------------
     0 | D:1      | Newt the Kobold Hunter began the quest for the Orb.
     0 | D:1      | Reached XP level 1. HP: 12/12 MP: 1/1
    68 | D:1      | Reached XP level 2. HP: 14/17 MP: 2/2
   349 | D:1      | Reached XP level 3. HP: 19/22 MP: 3/3
   831 | D:2      | Found a basalt altar of Yredelemnul.
   941 | D:2      | Became a worshipper of Yredelemnul the Dark
  1401 | D:2      | Reached * piety under Yredelemnul
  1402 | D:2      | Reached XP level 4. HP: 29/29 MP: 4/4
  1813 | D:2      | Reached skill level 1 in Maces & Flails
  2255 | D:3      | Killed from afar by an orc priest

Illustrated notes

Levels and vault maps discovered:
D:1:      minmay_arrival_four_circles, layout_basic
D:2:      layout_basic, basic_altar, serial_co_window_serial,
          co_window_of_opportunity_a, co_window_paths_a, co_window_corner_a,
          co_window_paths_b, co_window_paths_a, co_window_corner_a,
          co_window_paths_b, co_window_broadway_a, co_window_2corner,
          co_window_2corner, co_window_corner_cb, glass_columns_a,
          glass_columns_c, kennysheep_generic_room_13
D:3:      layout_loops_ring, kennysheep_ying_yang,
          worldfamousw_hep_ancestral_shrine, shapermc_ecumenical_altar_gd

Skill      XL: |  1  2  3  4 |
---------------+-------------+-----
Stealth        | 2 3 |  3.0
Fighting       | 3 4 |  4.0
Maces & Flails | 1 |  1.3
Ranged Weapons | |  5.3
Dodging        | |  2.4

Action                   |  1- 3 |  4- 6 || total
-------------------------+-------+-------++-------
Melee: Whip              |    95 |    42 ||   137
       Punch             |     1 |       ||     1
 Fire: Shortbow          |     6 |       ||     6
  Use: Scroll            |     5 |       ||     5
 Stab: Sleeping          |    12 |     1 ||    13
       Distracted        |     1 |     1 ||     2
Armor: Leather armour    |    16 |     8 ||    24
Dodge: Dodged            |    70 |    25 ||    95

Table legend: (Time is in decaauts)
 A = Elapsed time spent in this place.
 B = Non-inter-level travel time spent in this place.
 C = Inter-level travel time spent in this place.
 D = Time resting spent in this place.
 E = Time spent auto-exploring this place.
 F = Levels seen in this place.
 G = Mean time per level.
                   A        B        C        D        E       F      G
               +--------+--------+--------+--------+--------+-----+--------+
         Total |   2267 |   2217 |     50 |      0 |   1866 |   3 |  755.7 |
       Dungeon |   2267 |   2217 |     50 |      0 |   1866 |   3 |  755.7 |
               +--------+--------+--------+--------+--------+-----+--------+

Top non-repeatable levels by time:
     D:2: 1303 daAuts
     D:1: 794 daAuts
     D:3: 170 daAuts
